 Dungeon Crawl Stone Soup version 0.29-a0-371-g91724d5b39 (webtiles) character file.

Game seed: 8203860867123799389

2 chopper the Chiller (level 1, -2/14 HPs)
             Began as a Demigod Ice Elementalist on May 3, 2022.
             Slain by a goblin
             ... wielding a +0 dagger
              (3 damage)
             ... on level 1 of the Dungeon.
             The game lasted 00:01:12 (97 turns).

chopper the Chiller (Demigod Ice Elementalist)        Turns: 97, Time: 00:01:12

Health: -2/14      AC:  3    Str:  9    XL:     1   Next: 20%
Magic:  5/5        EV: 11    Int: 17    God:
Gold:   0          SH:  0    Dex: 14    Spells: 2/3 levels left

rFire   . . .      SeeInvis .   d - +0 falchion
rCold   . . .      Faith    .   (no shield)
rNeg    . . .      Spirit   .   c - +0 leather armour
rPois   .          Reflect  .   (no helmet)
rElec   .          Harm     .   (no cloak)
rCorr   .          Rampage  .   (no gloves)
Will    .....                   (no boots)
Stlth   ++........              (no amulet)
HPRegen 0.04/turn               (no ring)
MPRegen 0.09/turn               (no ring)

@: no status effects
A: high MP 1, forlorn, divine attributes
a: no special abilities


You were on level 1 of the Dungeon.
You visited 1 branch of the dungeon, and saw 1 of its levels.

Inventory:

Hand Weapons
 d - a +0 falchion (weapon)
Armour
 a - a +0 robe
 c - a +0 leather armour (worn)
Potions
 b - a potion of magic


   Skills:
 + Level 1.7 Dodging
 + Level 1.7 Stealth
 + Level 1.7 Spellcasting
 + Level 3.7 Ice Magic


You had 2 spell levels left.
You knew the following spells:

 Your Spells              Type           Power      Damage    Failure   Level
a - Freeze                Ice            56%        1d7       6%          1

Your spell library contained the following spells:

 Spells                   Type           Power      Damage    Failure   Level
 Frozen Ramparts          Ice            28%        1d4       19%         3
 Ozocubu's Armour         Ice            14%        N/A       19%         3
 Hailstorm                Conj/Ice       7%         3d4       78%         4


Dungeon Overview and Level Annotations

Branches:
Dungeon (1/15)


Innate Abilities, Weirdness & Mutations

You have an increased reservoir of magic. (+10% MP)
You shall have no god before yourself.
Your divine heritage dramatically boosts your attributes as you level up.


Message History

The kobold attacks as you move away! The kobold barely misses you.
The kobold hits you with a +0 dagger. The kobold attacks as you move away!
The kobold barely misses you.
Found a runed mace.
The kobold attacks as you move away! The kobold hits you with a +0 dagger.
* * * LOW HITPOINT WARNING * * *
A bat and a goblin come into view.
Found a stone staircase leading down.
You see here a +0 falchion.
d - a +0 falchion The kobold hits you but does no damage.
d - a +0 falchion (weapon)
The goblin shouts!
You hear an angry hiss.
You closely miss the kobold. The kobold hits you but does no damage.
You closely miss the kobold. The kobold hits you but does no damage.
The kobold closely misses you.
You slash the kobold!
You kill the kobold!
You slash the endoplasm!
You kill the endoplasm!
The goblin hits you but does no damage.
A frilled lizard comes into view.
You closely miss the hobgoblin. The bat hits you but does no damage.
The goblin hits you with a +0 dagger.
* * * LOW HITPOINT WARNING * * *
The hobgoblin barely misses you.
The hobgoblin hits you but does no damage.
The goblin hits you with a +0 dagger.
* * * LOW HITPOINT WARNING * * *
You barely miss the hobgoblin. The bat barely misses you.
The goblin hits you but does no damage. The hobgoblin barely misses you.
You barely miss the hobgoblin. Your punch misses the hobgoblin.
The bat misses you. The hobgoblin closely misses you.
The goblin barely misses you.
You hit the hobgoblin.
You kill the hobgoblin!
The bat completely misses you. The bat hits you.
* * * LOW HITPOINT WARNING * * *
The goblin hits you with a +0 dagger.
You die...

##.#.##
..>....
.......
..≈≈≈≈≈ #.##
..≈≈≈≈≈ ...
..≈≈≈≈≈
..#####gl≈≈≈≈≈
#.#..)@.....).
#.#.###.b≈≈≈≈.
#.#.# ..≈≈≈≈.
#####g.g#
..≈≈≈≈.
#.......#
..≈≈≈≈.
#.####.##
..≈≈≈≈. #.#
#.## #.......
#g#
#..#.#.######
#.# ##.#.#.###


You could see a goblin, a bat and a frilled lizard.

Vanquished Creatures
  An endoplasm (D:1)
  A hobgoblin (D:1)
  A kobold (D:1)
3 creatures vanquished.

Notes
Turn   | Place    | Note
-------+----------+-------------------------------------------
     0 | D:1      | chopper the Demigod Ice Elementalist began the quest for
                  | the Orb.
     0 | D:1      | Reached XP level 1. HP: 14/14 MP: 5/5
    97 | D:1      | Slain by a goblin

Illustrated notes

Levels and vault maps discovered:
D:1:      lightli_arrival_lavapool, layout_basic,
          shapermc_ecumenical_altar_acropolis, minivault_14

Action                   || total
-------------------------++-------
Melee: Unarmed           ||     9
       Falchion          ||     8
Armor: Leather armour    ||     9
Dodge: Dodged            ||    22

Table legend: (Time is in decaauts)
 A = Elapsed time spent in this place.
 B = Non-inter-level travel time spent in this place.
 C = Inter-level travel time spent in this place.
 D = Time resting spent in this place.
 E = Time spent auto-exploring this place.
 F = Levels seen in this place.
 G = Mean time per level.
                   A        B        C        D        E       F      G
               +--------+--------+--------+--------+--------+-----+--------+
         Total |     98 |     98 |      0 |      0 |      0 |   1 |   98.0 |
       Dungeon |     98 |     98 |      0 |      0 |      0 |   1 |   98.0 |
               +--------+--------+--------+--------+--------+-----+--------+

Top non-repeatable levels by time:
     D:1: 98 daAuts
